Map: Ice and Chrome LE

Players

SpeCial

  • Race: Terran Terran
  • Spawn Location: 7:00

Reynor - Winner!

  • Race: Zerg Zerg
  • Spawn Location: 1:00

Event: DreamHack SC2 Masters 2020 Summer Season Finals

VOD

Have the link to the VOD?

Description

Time

  • Played on: July 17, 2020, 9:44 a.m.
  • Length: 18:29

All games in this series

Show
View Real Time Build Order
Export as new Build Order

SpeCial Terran 

Build Orders: Reaper Expand 

Get SALT Encoding   

  12  0:01  SCV  
  13  0:13  SCV  
  14  0:18  Supply Depot  
  14  0:25  SCV  
  15  0:39  SCV  
  15  0:41  Barracks  
  16  0:43  Refinery  
  16  0:51  SCV  
  17  1:04  SCV  
  18  1:16  SCV  
  19  1:30  Orbital Command, Reaper  
  20  1:39  Command Center  
  20  1:48  Supply Depot  
  20  1:55  SCV  
  21  2:01  Marine  
  21  2:07  SCV  
  23  2:10  Factory  
  23  2:15  Refinery  
  23  2:19  SCV  
  24  2:23  Barracks Reactor  
  24  2:31  SCV  
  25  2:43  SCV  
  26  2:52  Orbital Command  
  26  2:55  Starport, SCV  
  27  3:04  Refinery, Hellion x2  
  31  3:08  SCV  
  32  3:17  SCV  
  33  3:20  SCV  
  33  3:26  Hellion x2  
  38  3:27  Supply Depot  
  38  3:29  SCV  
  38  3:32  SCV  
  38  3:33  Viking  
  42  3:42  SCV  
  42  3:44  SCV  
  44  3:50  Supply Depot  
  44  3:56  SCV  
  44  3:59  SCV  
  44  4:01  Fusion Core  
  46  4:08  SCV  
  46  4:09  Starport  
  47  4:13  Supply Depot  
  47  4:15  SCV  
  47  4:17  Starport Tech Lab  
  48  4:18  Refinery  
  48  4:21  Hellion  
  48  4:22  Hellion  
  52  4:25  SCV  
  52  4:27  SCV  
  54  4:36  Supply Depot  
  54  4:37  SCV  
  54  4:38  Barracks Tech Lab  
  55  4:39  SCV  
  56  4:49  SCV  
  56  4:51  SCV  
  61  4:58  Supply Depot  
  61  5:01  SCV  
  61  5:03  SCV  
  61  5:04  Battlecruiser  
  66  5:07  Battlecruiser  
  72  5:14  Weapon Refit  
  72  5:17  SCV x2  
  74  5:29  SCV  
  74  5:31  SCV  
  74  5:33  Command Center  
  74  5:41  Engineering Bay, SCV  
  71  5:43  SCV  
  72  5:52  Hellion  
  72  5:53  SCV  
  72  5:55  SCV  
  69  6:05  Hellion, SCV  
  69  6:07  SCV  
  69  6:09  Supply Depot  
  79  6:14  Battlecruiser  
  79  6:16  Missile Turret  
  79  6:17  SCV  
  86  6:21  Missile Turret  
  86  6:23  Missile Turret  
  86  6:31  Hellion x2  
  86  6:32  Battlecruiser  
  90  6:39  Supply Depot  
  90  6:50  Factory  
  90  6:52  Hellion x2  
  90  6:53  Factory  
  94  6:58  SCV x2  
  94  6:59  Missile Turret  
  96  7:09  Orbital Command  
  96  7:10  SCV  
  96  7:14  Hellion x2  
  101  7:20  SCV  
  100  7:30  SCV  
  100  7:34  SCV  
  100  7:35  Refinery, Hellion x2, SCV  
  100  7:36  Refinery  
  107  7:42  SCV  
  107  7:43  Supply Depot  
  108  7:44  Armory  
  108  7:46  SCV  
  108  7:47  SCV  
  108  7:48  Armory  
  113  7:51  Cyclone  
  113  7:52  Cyclone  
  113  7:54  SCV  
  117  8:02  Supply Depot  
  117  8:05  Supply Depot, SCV x2, Hellion  
  121  8:07  Supply Depot, Hellion  
  121  8:11  SCV  
  121  8:12  Factory x2  
  124  8:17  SCV x2  
  122  8:23  SCV  
  122  8:24  Siege Tank  
  122  8:26  Hellion  
  128  8:29  SCV, Missile Turret  
  128  8:34  SCV  
  126  8:38  Hellion  
  126  8:40  Siege Tank  
  126  8:41  Terran Vehicle Weapons Level 1, Terran Vehicle And Ship Armor Level 1  
  123  8:48  Hellion  
  125  8:50  Mag-Field Accelerator  
  125  8:51  Command Center  
  125  8:55  Sensor Tower  
  125  8:56  Siege Tank  
  125  8:58  Factory Reactor, Factory Tech Lab  
  125  8:59  SCV  
  125  9:00  Supply Depot  
  125  9:01  Supply Depot, SCV  
  134  9:12  Siege Tank  
  137  9:17  Siege Tank  
  137  9:19  Widow Mine x2  
  138  9:27  Supply Depot  
  138  9:28  Siege Tank  
  138  9:29  Supply Depot  
  138  9:30  Infernal Pre-Igniter  
  141  9:39  Hellion x2  
  141  9:40  Hellion  
  141  9:41  Hellion  
  141  9:42  Factory  
  141  9:45  Factory  
  149  9:47  Siege Tank  
  149  9:50  Siege Tank  
  149  9:52  Supply Depot  
  153  10:00  Siege Tank  
  153  10:01  Missile Turret  
  153  10:02  SCV x3  
  159  10:10  Hellion x2  
  159  10:11  Hellion x2, Missile Turret  
  167  10:19  Siege Tank  
  170  10:21  SCV x3  
  170  10:22  Siege Tank  
  170  10:26  Planetary Fortress  
  170  10:28  Refinery, Factory Tech Lab x2  
  176  10:31  Refinery  
  176  10:32  Cyclone  
  179  10:38  Command Center  
  179  10:39  Terran Vehicle Weapons Level 2  
  179  10:48  Terran Vehicle And Ship Armor Level 2  
  177  10:54  Hellion x3  
  177  10:55  Hellion  
  177  10:56  Cyclone  
  178  11:12  Hellion  
  178  11:13  Hellion  
  178  11:14  Cyclone  
  181  11:18  Siege Tank  
  181  11:20  Hellion  
  181  11:25  Hellion x2  
  186  11:28  Siege Tank  
  186  11:31  Hellion  
  191  11:33  Cyclone  
  191  11:34  Cyclone  
  197  11:41  Hellion  
  197  11:46  Hellion  
  200  11:50  Cyclone, Hellion x2  
  184  11:59  Sensor Tower  
  184  12:00  Cyclone  
  187  12:02  Hellion  
  187  12:06  Cyclone x2  
  195  12:09  Hellion  
  195  12:11  Cyclone  
  189  12:15  Missile Turret  
  189  12:17  Hellion  
  168  12:23  Cyclone  
  168  12:24  Hellion  
  168  12:26  Planetary Fortress  
  174  12:31  Command Center  
  174  12:32  Cyclone  
  174  12:33  Hellion  
  178  12:38  Cyclone, Siege Tank  
  178  12:39  Hellion  
  178  12:43  Cyclone  
  181  12:45  Hellion  
  181  12:46  Hellion  
  180  12:54  Hellion  
  180  12:55  Cyclone  
  185  13:04  Siege Tank  
  188  13:10  Cyclone x2  
  184  13:14  Hellion x2  
  184  13:15  Siege Tank  
  182  13:21  Hellion  
  183  13:27  Cyclone  
  183  13:29  Hellion  
  183  13:32  Refinery  
  183  13:33  Refinery  
  183  13:34  Missile Turret  
  188  13:35  Hellion  
  188  13:38  Command Center  
  188  13:39  Widow Mine x2, Drilling Claws  
  194  13:42  Cyclone, Hellion  
  197  13:50  Hellion  
  199  14:06  Terran Vehicle And Ship Armor Level 3, Terran Vehicle Weapons Level 3  
  197  14:16  Command Center  
  190  14:27  Cyclone x2, Hellion x2  
  190  14:30  Cyclone  
  175  14:32  Cyclone x2, Hellion x2  
  185  14:44  Command Center  
  185  14:51  Hellion x2  
  189  14:54  Hellion  
  189  14:56  Hellion  
  189  14:59  Cyclone x2  
  199  15:01  Smart Servos  
  199  15:07  Orbital Command x2  
  199  15:13  Cyclone, Hellion  
  198  15:18  Sensor Tower, Hellion  
  198  15:19  Missile Turret  
  199  15:32  Barracks  
  199  15:33  Barracks  
  199  15:36  Ghost Academy  
  177  15:58  Cyclone, Hellion  
  177  16:00  Cyclone  
  177  16:01  Hellion  
  184  16:05  Cyclone, Hellion  
  184  16:10  Cyclone  
  184  16:11  Hellion  
  183  16:14  Hellion  
  182  16:20  Hellion  
  184  16:29  Hellion x2  
  184  16:30  Cyclone  
  142  16:33  Cyclone  
  142  16:35  Cyclone, Hellion  
  142  16:37  Cyclone  
  141  16:41  Hellion  
  141  16:42  Enhanced Shockwaves, Barracks Tech Lab x2  
  141  16:43  Cyclone  
  134  16:51  Widow Mine, Hellion  
  138  16:56  SCV x3  
  138  16:59  Widow Mine  
  138  17:00  Missile Turret  
  143  17:02  Cyclone  
  143  17:05  Cyclone, Missile Turret  
  143  17:06  Orbital Command  
  143  17:07  Cyclone  
  143  17:08  Widow Mine  
  154  17:09  Siege Tank  
  154  17:12  Widow Mine  
  154  17:13  Orbital Command  
  154  17:15  Siege Tank  
  130  17:34  Hellion  
  130  17:35  Siege Tank  
  122  17:37  Cyclone  
  122  17:39  Siege Tank, Orbital Command  
  122  17:40  Orbital Command  
  118  17:46  Siege Tank  
  118  17:47  Orbital Command  
  118  17:50  Hellion, Ghost  
  115  17:59  SCV x2  
  117  18:11  SCV x2  
Show
View Real Time Build Order
Export as new Build Order

Reynor Zerg - Winner!

Build Orders: Hatch First 

Get SALT Encoding   

  12  0:00  Drone  
  13  0:12  Overlord  
  13  0:17  Drone  
  14  0:30  Drone x2  
  16  0:47  Hatchery  
  15  0:52  Drone  
  15  0:55  Drone  
  17  0:58  Drone  
  18  1:09  Extractor  
  17  1:15  Spawning Pool  
  17  1:18  Drone  
  17  1:21  Drone  
  18  1:27  Drone  
  19  1:38  Drone  
  20  1:49  Overlord  
  20  2:01  Queen x2  
  20  2:02  Zergling x4  
  26  2:10  Drone  
  26  2:11  Drone  
  28  2:21  Drone x2  
  30  2:31  Overlord  
  30  2:32  Drone  
  30  2:33  Metabolic Boost  
  31  2:37  Queen  
  31  2:43  Queen  
  35  2:46  Drone  
  36  2:51  Drone  
  36  2:54  Drone  
  36  2:55  Drone  
  39  3:04  Overlord  
  39  3:05  Drone  
  40  3:10  Drone  
  40  3:11  Drone x2  
  43  3:17  Drone, Lair  
  44  3:22  Extractor  
  44  3:23  Drone x3  
  44  3:24  Drone  
  47  3:36  Hatchery  
  47  3:37  Drone  
  47  3:39  Drone  
  47  3:40  Drone  
  49  3:47  Overlord, Baneling Nest  
  48  3:50  Drone  
  48  3:54  Zergling x4  
  51  3:56  Drone  
  51  4:00  Extractor  
  51  4:01  Drone, Extractor  
  51  4:02  Drone  
  52  4:06  Drone x2  
  52  4:07  Drone  
  52  4:09  Queen  
  55  4:14  Overlord  
  55  4:16  Overseer  
  57  4:18  Drone x2  
  57  4:20  Drone  
  60  4:26  Spire  
  59  4:32  Zergling x2  
  59  4:38  Overlord  
  60  4:47  Overlord  
  60  4:48  Drone x4  
  60  4:49  Drone x2  
  66  4:55  Overlord  
  66  4:56  Drone x2  
  66  4:59  Spore Crawler  
  67  5:01  Spore Crawler  
  67  5:02  Zergling x4  
  67  5:07  Overlord  
  68  5:09  Drone x2  
  70  5:16  Queen  
  70  5:17  Overlord  
  66  5:40  Corruptor x6  
  66  5:42  Zergling x2  
  70  5:43  Zergling x2  
  69  5:50  Drone  
  69  5:54  Drone  
  67  5:58  Drone  
  67  6:01  Corruptor  
  67  6:06  Drone x2  
  67  6:09  Drone x2  
  71  6:15  Corruptor  
  73  6:19  Corruptor  
  73  6:21  Drone  
  73  6:25  Drone x2  
  78  6:28  Corruptor  
  78  6:32  Drone x2  
  82  6:36  Overlord  
  82  6:38  Drone  
  83  6:41  Drone  
  83  6:43  Overlord  
  84  6:48  Overlord  
  84  6:56  Drone x6  
  84  6:59  Zerg Flyer Weapons Level 1  
  90  7:07  Drone x3  
  93  7:10  Evolution Chamber, Corruptor  
  93  7:12  Evolution Chamber  
  93  7:19  Corruptor  
  93  7:21  Drone x4  
  93  7:22  Drone  
  100  7:26  Overlord  
  100  7:28  Drone x2  
  102  7:30  Extractor x2  
  102  7:36  Infestation Pit  
  99  7:38  Drone x2  
  99  7:39  Zerg Missile Weapons Level 1, Drone  
  99  7:42  Drone x3  
  105  7:47  Zergling x8  
  105  7:48  Zergling x2  
  110  7:52  Overlord x2  
  110  8:01  Corruptor  
  110  8:05  Hatchery  
  110  8:08  Zergling x8  
  110  8:12  Evolution Chamber  
  110  8:14  Zergling x8  
  110  8:16  Zergling x4  
  111  8:21  Evolution Chamber  
  111  8:26  Drone x5  
  111  8:27  Drone  
  109  8:31  Drone x3  
  109  8:34  Drone  
  110  8:38  Drone x4  
  114  8:42  Infestor x2  
  114  8:44  Zerg Melee Weapons Level 1  
  118  8:49  Roach Warren  
  118  8:50  Drone  
  118  8:51  Drone  
  119  9:02  Overlord  
  119  9:04  Zergling x6  
  119  9:05  Zergling x2  
  119  9:06  Drone x4  
  119  9:07  Centrifical Hooks  
  127  9:10  Burrow  
  127  9:12  Neural Parasite  
  127  9:18  Drone  
  127  9:19  Drone x2  
  130  9:26  Overlord  
  130  9:33  Roach x3  
  130  9:34  Roach x3  
  130  9:37  Overlord  
  130  9:38  Hatchery  
  141  9:39  Glial Reconstitution  
  141  9:43  Roach  
  143  9:53  Overlord  
  143  9:56  Zerg Missile Weapons Level 2, Spore Crawler  
  143  9:57  Ravager x3  
  143  9:58  Drone x7, Ravager x3  
  143  9:59  Drone x4  
  159  10:09  Baneling x7  
  159  10:10  Infestor, Overlord  
  159  10:11  Infestor, Overlord, Queen  
  161  10:14  Overlord  
  161  10:16  Zergling x2  
  161  10:17  Zergling x10  
  167  10:23  Overlord  
  167  10:28  Overlord  
  167  10:31  Zergling x22  
  178  10:36  Roach x3, Zergling x6  
  187  10:43  Overlord  
  187  10:44  Zergling x4  
  187  10:53  Infestor x2  
  187  10:55  Corruptor x5  
  196  10:57  Roach  
  196  11:01  Zergling x2  
  196  11:03  Overlord  
  190  11:13  Drone x10  
  190  11:16  Drone x3  
  192  11:18  Drone  
  192  11:19  Drone x2  
  192  11:21  Drone x2  
  192  11:24  Hatchery  
  192  11:25  Spore Crawler  
  195  11:26  Spine Crawler  
  195  11:30  Ravager x4  
  195  11:31  Drone, Ravager  
  200  11:33  Baneling x6, Extractor  
  200  11:37  Zergling x2  
  190  11:47  Zergling x24  
  198  11:55  Spore Crawler, Extractor x2  
  198  11:56  Zergling x4  
  198  11:57  Zergling x12  
  198  11:58  Pneumatized Carapace  
  198  11:59  Overseer  
  199  12:02  Overseer  
  199  12:04  Baneling x3  
  199  12:09  Zergling x2  
  199  12:12  Hive  
  186  12:17  Roach x3, Zergling x4  
  186  12:18  Zergling x18  
  186  12:21  Roach x2  
  179  12:25  Roach x2, Zergling x4  
  179  12:26  Zergling x6  
  179  12:29  Roach x2  
  192  12:31  Hatchery, Drone x3  
  192  12:33  Drone x2  
  196  12:41  Zergling x2  
  196  12:42  Zergling x10  
  196  12:49  Ravager x5  
  196  12:51  Zerg Melee Weapons Level 2  
  200  12:52  Zerg Ground Armor Level 1  
  200  12:58  Baneling  
  200  12:59  Baneling x3  
  200  13:09  Zergling x2  
  200  13:10  Zergling x28  
  200  13:11  Zergling x4  
  199  13:17  Zergling x8  
  190  13:20  Zergling x14  
  190  13:23  Roach x2, Zergling x4  
  200  13:32  Spore Crawler  
  200  13:33  Spine Crawler  
  200  13:34  Baneling x16  
  198  13:36  Adrenal Glands, Spine Crawler  
  198  13:37  Overlord  
  197  13:41  Zergling x6  
  199  13:55  Zergling x10  
  200  14:05  Baneling x13  
  200  14:08  Baneling x4  
  199  14:11  Zerg Flyer Weapons Level 2  
  199  14:12  Hatchery  
  199  14:13  Roach x5, Extractor  
  199  14:14  Drone x2  
  199  14:16  Zergling x4  
  199  14:19  Baneling x8  
  199  14:20  Overlord  
  195  14:25  Zergling x16  
  195  14:27  Roach, Zergling x16  
  198  14:34  Zergling x6  
  198  14:38  Overlord  
  198  14:49  Zergling x6  
  199  15:11  Baneling x9  
  199  15:13  Drone x2  
  199  15:24  Zergling x2  
  199  15:25  Zergling x22  
  199  15:27  Zergling x4  
  199  15:37  Baneling x9  
  198  15:45  Zergling x2  
  198  15:46  Zergling x2  
  192  15:50  Infestor x2  
  192  15:51  Infestor  
  192  15:55  Roach x2, Zergling x50  
  192  15:58  Queen  
  192  15:59  Roach x3, Zergling x14  
  192  16:03  Roach  
  195  16:07  Zergling x6  
  195  16:08  Zergling x2  
  195  16:09  Zergling x2  
  195  16:10  Zergling x2  
  193  16:12  Roach  
  193  16:15  Ravager x2  
  193  16:16  Baneling x14  
  194  16:19  Zergling x10  
  194  16:24  Zergling x10  
  192  16:29  Zergling x12  
  179  16:35  Drone x4  
  179  16:36  Roach  
  179  16:38  Zergling x2  
  179  16:39  Baneling x8  
  184  16:42  Drone x4  
  184  16:46  Roach x2, Zergling x6, Spine Crawler  
  184  16:47  Zergling x4, Spine Crawler  
  196  16:48  Spine Crawler  
  196  16:49  Zergling x6  
  196  16:52  Hatchery  
  196  16:55  Drone x3  
  196  16:56  Baneling x2  
  196  16:57  Baneling x3  
  199  17:04  Zergling x2  
  199  17:05  Zergling x2  
  200  17:13  Baneling x8, Spine Crawler  
  200  17:15  Spine Crawler  
  198  17:17  Spine Crawler  
  190  17:25  Zergling x32  
  190  17:26  Zergling x4  
  200  17:30  Roach, Zergling x2  
  200  17:32  Zergling x2  
  200  17:33  Zergling x14  
  195  17:44  Zergling x14  
  197  17:45  Zergling x2  
  197  17:47  Zergling x8  
  197  17:49  Zergling x2  
  197  17:50  Zergling x6  
  195  17:52  Baneling  
  195  17:53  Baneling x9  
  195  17:55  Zergling x2  
  187  18:01  Drone  
  187  18:02  Drone x7  
  197  18:08  Roach x2  
  197  18:11  Baneling x7  
Tags
 
Add a new tag
Caveats
  • Supply blocks, unpowered buildings, or Contaminate may cause inaccurate times.
  • Supply counts are checked every 10 seconds.